Map: Port Aleksander LE

Players

SemMana

  • Race: Zerg Zerg
  • Spawn Location: 5:00

FohShizzle - Winner!

  • Race: Zerg Zerg
  • Spawn Location: 11:00

VOD

Have the link to the VOD?

Description

Time

  • Played on: Jan. 26, 2019, 4:44 a.m.
  • Length: 14:49
Show
View Real Time Build Order
Export as new Build Order

SemMana Zerg 

Build Orders: Hatch First, Muta Ling Bane 

Get SALT Encoding   

  12  0:01  Drone  
  13  0:13  Overlord  
  13  0:18  Drone  
  14  0:32  Drone  
  14  0:33  Drone  
  16  0:38  Drone  
  17  0:53  Hatchery  
  16  1:03  Drone x2  
  18  1:06  Extractor  
  17  1:18  Spawning Pool  
  16  1:21  Drone  
  16  1:25  Drone  
  18  1:35  Drone  
  19  1:40  Overlord  
  19  1:56  Drone  
  20  2:06  Queen x2  
  20  2:08  Zergling x2  
  25  2:09  Zergling x2  
  26  2:18  Metabolic Boost  
  26  2:26  Zergling x6  
  29  3:01  Drone x6  
  29  3:04  Lair  
  35  3:13  Overlord  
  35  3:20  Evolution Chamber, Queen  
  37  3:44  Drone x2  
  37  3:45  Drone, Overlord  
  40  3:53  Zergling x2  
  40  3:54  Zergling x8  
  40  4:13  Extractor  
  40  4:14  Extractor  
  40  4:15  Extractor  
  37  4:18  Drone x4, Spire  
  37  4:19  Drone  
  41  4:39  Baneling Nest, Hatchery, Drone  
  41  4:40  Drone x3  
  43  4:54  Drone x2  
  43  4:58  Drone  
  46  5:00  Drone x3  
  46  5:02  Drone  
  46  5:03  Drone  
  46  5:05  Drone  
  51  5:26  Baneling x6  
  51  5:27  Baneling x3  
  51  5:30  Overlord x2  
  49  6:06  Mutalisk x4  
  55  6:23  Mutalisk x2  
  59  6:30  Drone x3  
  62  6:34  Drone x2  
  62  6:35  Drone x9  
  73  6:44  Overlord  
  73  6:51  Drone  
  74  7:02  Queen  
  74  7:03  Extractor, Hatchery  
  74  7:04  Extractor, Overlord  
  74  7:05  Overlord  
  74  7:06  Drone x3  
  74  7:07  Drone x2  
  74  7:08  Drone  
  79  7:09  Mutalisk  
  81  7:30  Evolution Chamber  
  81  7:34  Drone x2  
  81  7:36  Overlord x2  
  82  7:37  Evolution Chamber, Mutalisk  
  82  7:38  Mutalisk x3  
  82  7:43  Zerg Flyer Weapons Level 1  
  89  7:56  Drone  
  89  7:58  Roach Warren  
  89  8:00  Drone  
  89  8:02  Drone x4  
  89  8:03  Drone x2  
  89  8:05  Zerg Missile Weapons Level 1, Zerg Ground Armor Level 1  
  96  8:08  Drone  
  97  8:39  Glial Reconstitution  
  97  8:42  Roach  
  97  8:43  Roach x10  
  97  8:46  Overlord  
  97  8:47  Overlord x4  
  119  8:48  Overlord  
  119  9:08  Centrifical Hooks  
  119  9:10  Zergling x10  
  119  9:15  Mutalisk  
  119  9:16  Mutalisk x9  
  144  9:24  Extractor x2, Drone x3  
  146  9:26  Drone x3  
  148  9:37  Overlord x3  
  148  9:38  Mutalisk  
  148  9:39  Mutalisk x2  
  148  9:45  Zerg Flyer Weapons Level 2  
  154  9:50  Roach  
  154  9:51  Roach x3  
  162  9:58  Tunneling Claws  
  162  10:16  Overseer  
  162  10:27  Zergling x2  
  162  10:28  Zergling x36  
  176  10:46  Roach  
  176  10:47  Roach x12  
  153  11:05  Roach  
  153  11:06  Roach x7  
  165  11:19  Roach  
  165  11:20  Roach x3  
  138  11:33  Roach  
  138  11:34  Roach x4  
  110  11:49  Zergling x2  
  110  11:50  Zergling x6  
  92  12:07  Mutalisk  
  92  12:08  Mutalisk x7  
  96  12:22  Zergling x4  
  97  12:32  Hatchery  
  96  12:38  Zergling x4  
  98  12:45  Hatchery  
  97  12:56  Hatchery  
  95  13:01  Hatchery  
  81  13:19  Zergling x2  
  72  13:20  Zergling x4  
  74  13:37  Zergling x2  
  74  13:38  Zergling x4  
  75  13:53  Zergling x2  
  54  14:17  Zergling x2  
  54  14:18  Zergling x12  
  54  14:19  Zergling x2  
Show
View Real Time Build Order
Export as new Build Order

FohShizzle Zerg - Winner!

Build Orders: Hatch First 

Get SALT Encoding   

  12  0:01  Drone  
  13  0:14  Overlord  
  13  0:18  Drone  
  14  0:33  Drone x2  
  16  0:37  Drone  
  17  0:55  Hatchery  
  16  1:09  Spawning Pool  
  15  1:11  Drone  
  15  1:16  Drone  
  17  1:19  Drone  
  18  1:26  Drone  
  18  1:31  Extractor  
  18  1:34  Drone  
  19  1:45  Drone  
  20  1:55  Overlord  
  20  1:56  Queen  
  22  2:09  Drone  
  23  2:20  Drone  
  23  2:21  Drone x2  
  26  2:27  Drone  
  26  2:28  Queen  
  29  2:34  Lair  
  29  2:37  Drone  
  29  2:40  Drone  
  29  2:41  Overlord  
  31  2:49  Drone  
  32  2:53  Drone  
  32  2:54  Evolution Chamber  
  32  2:59  Overlord  
  33  3:05  Drone  
  33  3:07  Drone x3  
  36  3:14  Roach Warren  
  36  3:17  Queen  
  36  3:18  Evolution Chamber  
  36  3:21  Drone x2  
  38  3:28  Zergling x4  
  40  3:34  Spine Crawler  
  40  3:39  Zergling x6  
  41  3:52  Zergling x8  
  44  3:59  Zergling x2  
  44  4:00  Zergling x4  
  44  4:07  Roach Warren  
  43  4:27  Extractor, Queen  
  43  4:29  Extractor  
  43  4:30  Overlord x2  
  43  4:40  Drone  
  44  4:51  Drone x8  
  52  5:02  Evolution Chamber  
  51  5:10  Roach x2  
  55  5:21  Zerg Missile Weapons Level 1  
  55  5:22  Glial Reconstitution  
  55  5:34  Drone x5  
  60  5:36  Overlord x2  
  60  5:55  Hatchery  
  50  6:22  Drone x3  
  52  6:41  Roach x7  
  52  6:42  Roach x3  
  52  6:46  Overlord  
  72  6:55  Roach  
  72  6:59  Zerg Ground Armor Level 1  
  72  7:00  Overlord x2  
  72  7:01  Overlord  
  74  7:08  Drone x4  
  78  7:21  Hydralisk Den  
  77  7:26  Drone x3  
  80  7:30  Extractor, Drone x3  
  82  7:47  Roach x11  
  104  7:53  Extractor  
  104  7:55  Extractor  
  102  8:00  Drone  
  102  8:01  Drone x2  
  105  8:17  Grooved Spines  
  105  8:19  Roach x4  
  113  8:24  Overlord x4  
  113  8:46  Roach x10  
  113  8:47  Roach x3  
  139  8:51  Zerg Missile Weapons Level 2  
  139  8:55  Infestation Pit  
  138  8:58  Ravager, Overseer  
  139  9:06  Drone x6  
  145  9:18  Overlord x3  
  145  9:20  Hatchery  
  144  9:26  Drone  
  145  9:38  Drone x13  
  149  9:39  Drone  
  159  9:52  Hydralisk x2  
  159  9:53  Hydralisk x3  
  169  10:01  Overlord  
  169  10:02  Overlord x2  
  169  10:26  Drone x3  
  169  10:28  Extractor x2  
  171  10:30  Drone x3  
  171  10:32  Queen  
  171  10:33  Hydralisk x7  
  187  10:46  Hydralisk x5  
  187  10:47  Hydralisk  
  195  10:52  Overlord  
  177  11:21  Overlord x5  
  177  11:22  Overlord  
  137  11:56  Hydralisk Den  
  71  12:30  Hydralisk x5  
  71  12:31  Hydralisk x13  
  103  12:40  Spore Crawler  
  102  12:46  Spore Crawler  
  102  12:48  Hydralisk  
  102  12:49  Hydralisk x4  
  111  12:54  Spore Crawler  
  111  12:55  Hydralisk x4  
  114  13:02  Spore Crawler  
  114  13:04  Spore Crawler  
  91  13:09  Hydralisk x7  
  85  13:22  Queen  
  85  13:24  Queen  
  83  13:30  Spore Crawler  
  83  13:33  Hydralisk x3  
  84  13:42  Hydralisk x8  
  84  13:46  Hatchery  
  99  13:51  Hydralisk  
  97  13:55  Drone  
  97  13:56  Drone x2  
  97  13:58  Queen  
  88  14:17  Spore Crawler  
  88  14:19  Spore Crawler  
  86  14:26  Drone  
  86  14:27  Drone x5  
Tags
 
Add a new tag
Caveats
  • Supply blocks, unpowered buildings, or Contaminate may cause inaccurate times.
  • Supply counts are checked every 10 seconds.